 Dungeon Crawl Stone Soup version 0.30-b1-2-g02819fbbbe (webtiles) character file.

Game seed: 11355134991164225187

594 Arcadio the Ducker (level 7, -6/52 HPs)
             Began as a Djinni Fire Elementalist on May 16, 2023.
             Mangled by a mummy (13 damage)
             ... in an ossuary.
             The game lasted 00:07:18 (3345 turns).

Arcadio the Ducker (Djinni Fire Elementalist)       Turns: 3345, Time: 00:07:19

Health: -6/52      AC:  2    Str:  7    XL:     7   Next: 67%
Gold:   168        EV: 14    Int: 18    God:
                   SH:  0    Dex: 14

rFire   + + .        e - +1 dagger
rCold   x . .        (no shield)
rNeg    . . .        a - +0 robe
rPois   ∞            (no helmet)
rElec   .            (no cloak)
rCorr   .            (no gloves)
SInv    .            (boots unavailable)
Will    .....        (no amulet)
Stlth   ++           (no ring)
HPRegen 0.28/turn    (no ring)
MPRegen 0.00/turn

%: infuse magic (-7 HP)
@: flying, studying Spellcasting
A: sickness immunity, fire resistance 2, cold vulnerability 1, float, innate
caster, HP casting, extra vitality 1
a: no special abilities


You were in an ossuary.
You visited 1 branch of the dungeon, and saw 4 of its levels.
You also visited: Ossuary.

You collected 168 gold pieces.

Inventory:

Hand Weapons
 b - a +0 spear
 e - a +1 dagger (weapon)
Armour
 a - a +0 robe (worn)
Scrolls
 c - a scroll of amnesia {unknown}
 d - a scroll of brand weapon {unknown}
 f - 2 scrolls of teleportation
 j - a scroll of immolation {unknown}
 l - a scroll of enchant weapon
 m - a scroll of fear {unknown}
 q - a scroll of fog {unknown}
Potions
 g - a potion of flight
 h - a potion of haste
 i - a potion of invisibility {unknown}
 n - a potion of cancellation {unknown}
 o - 2 potions of brilliance {unknown}
 p - 2 potions of mutation {unknown}


   Skills:
 + Level 4.2 Fighting
 + Level 5.3 Dodging
 - Level 1.5 Stealth
 + Level 4.5 Spellcasting


You knew the following spells:

 Your Spells              Type           Power      Damage    Failure   Level
a - Foxfire               Conj/Fire      80%        2x1d8     2%          1
b - Scorch                Fire           40%        2d6       3%          2
c - Volatile Blastmotes   Fire/Tloc      40%        2d13      6%          3
d - Inner Flame           Hex/Fire       20%        N/A       6%          3
e - Flame Wave            Conj/Fire      20%        2d7       22%         4
f - Shock                 Conj/Air       80%        1d8       2%          1
g - Wereblood             Tmut           20%        N/A       3%          2
h - Ensorcelled Hibernat  Hex/Ice        40%        N/A       3%          2
Your spell library was empty.

Dungeon Overview and Level Annotations

Branches:
Dungeon (4/15) Zot: 20710 Ossuary (1/1) Zot: 5945
 Temple: D:4-7

Altars:
Elyvilon
Qazlal


Innate Abilities, Weirdness & Mutations

You are immune to sickness and miasma.
You are immune to poison.
Your flesh is very heat resistant. (rF++)
You are vulnerable to cold. (rC-)
You float through the air rather than walking.
You learn spells naturally, not from books.
Your magical power is your life essence.
You have superior vitality. (+4 MHP)


Message History

The gnoll zombie's fire resistance burns away.
* * * LOW HITPOINT WARNING * * *
The gnoll zombie closely misses you.
Casting: Scorch (safe; 3% risk of failure)
Confirm with . or Enter, or press ? or * to list all spells.
Flames lash the gnoll zombie.
The gnoll zombie is burned terribly!
You destroy the gnoll zombie!
* * * LOW HITPOINT WARNING * * *
You aren't carrying any items that you can evoke.
You are confused.
You feel invigorated.
A mummy comes into view.
The mummy barely misses you.
You feel less invigorated.
You feel less confused. The mummy hits you! The mummy closely misses you.
Casting: Scorch (safe; 3% risk of failure)
Confirm with . or Enter, or press ? or * to list all spells.
Flames lash the mummy.
The mummy is burned terribly!
The mummy is moderately damaged.
The mummy's fire resistance burns away.
Casting: Scorch (safe; 3% risk of failure)
Confirm with . or Enter, or press ? or * to list all spells.
Flames lash the mummy.
The mummy is burned terribly!
The mummy is severely damaged.
The mummy's fire resistance burns away.
The mummy barely misses you. The mummy hits you!
Casting: Scorch (safe; 3% risk of failure)
Confirm with . or Enter, or press ? or * to list all spells.
Flames lash the mummy.
The mummy is burned terribly!
You destroy the mummy!
* * * LOW HITPOINT WARNING * * *
Casting: Scorch (safe; 3% risk of failure)
Confirm with . or Enter, or press ? or * to list all spells.
Flames lash the mummy.
The mummy is burned terribly!
The mummy is moderately damaged.
The mummy's fire resistance burns away.
* * * LOW HITPOINT WARNING * * *
The mummy hits you!
You die...

#....#
#....#
#....#
#....#
#....#
#....#
#..M.#
#.M..#
#.∩@.#
######


You could see 2 mummies.

Vanquished Creatures
  2 ogres (D:4)
  A scorpion (D:4)
  2 hounds (D:3)
  A jelly (D:4)
  Natasha (twice) (D:3)
  5 mummies (Ossuary)
  A gnoll (D:1)
  5 adders
  3 worms (D:3)
  3 dart slugs
  An orc (D:4)
  11 ball pythons
  6 endoplasms
  7 giant cockroaches
  9 goblins
  6 hobgoblins
  6 jackals
  3 kobolds
  A quokka (D:3)
  8 bats
  18 frilled lizards
  3 gnoll zombies (Ossuary)
  4 hobgoblin zombies (Ossuary)
  An orc zombie (Ossuary)
  8 rats
117 creatures vanquished.

Vanquished Creatures (collateral kills)
  A foxfire (D:1)
1 creature vanquished.

Vanquished Creatures (others)
  175 foxfires
  A fungus (D:1)
  11 plants
187 creatures vanquished.

Grand Total: 305 creatures vanquished

Notes
Turn   | Place    | Note
-------+----------+-------------------------------------------
     0 | D:1      | Arcadio the Djinni Fire Elementalist began the quest for
                  | the Orb.
     0 | D:1      | Arcadio set off with the following spells memorised:
                  | Foxfire, Scorch, Volatile Blastmotes, Inner Flame, Flame
                  | Wave.
     0 | D:1      | Reached XP level 1. HP: 15/15 MP: 0/0
   136 | D:1      | Reached XP level 2. HP: 21/22 MP: 0/0
   267 | D:1      | Reached skill level 1 in Fighting
   330 | D:1      | Reached XP level 3. HP: 25/27 MP: 0/0
   330 | D:1      | Learned a level 1 spell: Shock
   366 | D:1      | Found a faded altar of an unknown god.
   483 | D:1      | Reached skill level 3 in Dodging
   673 | D:1      | Reached XP level 4. HP: 33/33 MP: 0/0
  1902 | D:2      | Reached XP level 5. HP: 32/38 MP: 0/0
  1902 | D:2      | Learned a level 2 spell: Wereblood
  1966 | D:3      | Found a white marble altar of Elyvilon.
  2131 | D:3      | Noticed Natasha
  2136 | D:3      | Killed Natasha
  2264 | D:3      | Noticed Natasha
  2270 | D:3      | Killed Natasha
  2271 | D:3      | Reached skill level 4 in Dodging
  2271 | D:3      | Reached XP level 6. HP: 34/45 MP: 0/0
  2921 | D:4      | Noticed an ogre
  2927 | D:4      | Killed an ogre
  2992 | D:4      | Identified a scroll of acquirement
  2994 | D:4      | Acquired a manual of Spellcasting
  3004 | D:4      | Found a stormy altar of Qazlal.
  3046 | D:4      | Noticed an ogre
  3052 | D:4      | Killed an ogre
  3053 | D:4      | Reached XP level 7. HP: 44/51 MP: 0/0
  3053 | D:4      | Learned a level 2 spell: Ensorcelled Hibernation
  3260 | D:4      | Reached skill level 5 in Dodging
  3286 | D:4      | Found a sand-covered staircase.
  3291 | Ossuary  | Entered an ossuary
  3345 | Ossuary  | Mangled by a mummy

Illustrated notes

Levels and vault maps discovered:
D:1:      dpeg_arrival_prison, layout_basic,
          shapermc_ecumenical_altar_acropolis, minmay_lizard_king
D:2:      layout_basic, kennysheep_decorative_pillar,
          hangedman_abyss_or_decor_stabs
D:3:      cheibrodos_old_hovel, layout_loops_ring, nicolae_elyvilon_temple_path,
          uniq_natasha
D:4:      layout_gridville, nicolae_qazlal_eye_of_the_storm, enter_ossuary_3,
          minmay_crystal_water
Ossuary:  ossuary_tomb_3

Skill      XL: |  1  2  3  4  5  6  7 |
---------------+----------------------+-----
Fighting       | 1 2 3 4 |  4.2
Dodging        | 3 4 5 |  5.3
Spellcasting   | 3 4 |  4.5
Stealth        | |  1.5

Action                     |  1- 3 |  4- 6 |  7- 9 || total
---------------------------+-------+-------+-------++-------
  Melee: Unarmed           |     4 |       |       ||     4
         Spear             |     2 |       |       ||     2
         Dagger            |     4 |    33 |     5 ||    42
         Punch             |     1 |       |       ||     1
   Cast: Foxfire           |    50 |    55 |       ||   105
         Scorch            |       |    42 |    28 ||    70
         Flame Wave        |       |       |     3 ||     3
         Volatile Blastmot |       |       |     1 ||     1
    Use: Scroll            |       |     6 |       ||     6
         Potion            |       |       |     2 ||     2
 Armour: Robe              |     6 |    10 |     2 ||    18
  Dodge: Dodged            |    23 |    41 |    17 ||    81
